Map: Orbital Shipyard

Players

vTriple - Winner!

  • Race: Zerg Zerg
  • League: Platinum

LilDicky

  • Race: Terran Terran
  • League: Diamond

VOD

http://www.twitch.tv/tumescentpie

Description

Time

  • Played on: Nov. 25, 2015, 9:16 p.m.
  • Length: 17:00
Show
View Real Time Build Order
Export as new Build Order

vTriple Zerg - Winner!

Build Orders: Pool First 

Get SALT Encoding   

  12  0:01  Drone  
  13  0:07  Drone  
  14  0:18  Extractor  
  14  0:20  Drone  
  14  0:22  Drone, Extractor  
  16  0:35  Spawning Pool  
  15  0:38  Extractor  
  14  0:44  Overlord  
  14  0:50  Drone, Extractor  
  15  1:02  Drone  
  15  1:03  Drone  
  17  1:09  Drone  
  18  1:16  Drone  
  20  1:32  Zergling x2  
  20  1:35  Hatchery  
  20  1:38  Zergling x2  
  20  1:43  Metabolic Boost  
  20  1:49  Evolution Chamber  
  20  1:51  Zergling x2  
  20  2:02  Overlord  
  20  2:09  Queen  
  22  2:21  Zerg Melee Weapons Level 1  
  22  2:22  Zergling x2  
  23  2:23  Zergling x2  
  24  2:33  Zergling x2  
  24  2:45  Zergling x2  
  25  2:53  Zergling x2  
  25  2:55  Zergling x2  
  27  3:01  Zergling x2  
  29  3:05  Zergling x2  
  29  3:08  Zergling x2  
  30  3:18  Zergling x2  
  31  3:23  Spine Crawler  
  31  3:24  Overlord  
  31  3:25  Spine Crawler, Zergling x4  
  28  3:28  Zergling x2  
  28  3:32  Zergling x2  
  28  3:34  Zergling x2  
  29  3:43  Zergling x4  
  31  3:56  Lair  
  31  4:04  Drone  
  31  4:08  Drone  
  33  4:15  Drone  
  33  4:16  Drone  
  35  4:17  Drone  
  35  4:21  Drone  
  37  4:31  Zergling x2  
  37  4:32  Zergling x2  
  37  4:34  Drone  
  40  4:47  Zergling x2  
  40  4:48  Drone x2  
  43  4:58  Overlord  
  43  5:05  Spire  
  42  5:09  Drone  
  43  5:23  Drone x3  
  43  5:24  Drone x2  
  48  5:36  Drone x2  
  48  5:41  Hatchery, Drone x2  
  51  5:45  Drone, Extractor  
  51  5:55  Overlord  
  51  6:17  Mutalisk x3  
  57  6:24  Extractor  
  56  6:27  Overlord x2, Extractor  
  56  6:31  Drone x4  
  59  6:34  Zerg Flyer Weapons Level 1  
  59  6:52  Mutalisk  
  61  6:54  Drone x2  
  61  6:55  Drone x3  
  66  7:12  Drone x4  
  66  7:15  Drone, Extractor  
  70  7:16  Drone  
  70  7:21  Extractor  
  70  7:23  Mutalisk  
  70  7:24  Mutalisk  
  74  7:39  Mutalisk x2  
  78  7:52  Drone x3  
  78  7:58  Overlord x4  
  81  8:14  Overlord  
  81  8:16  Drone x2, Queen  
  81  8:17  Mutalisk x2  
  89  8:35  Zergling x14  
  89  8:40  Mutalisk x3  
  102  8:42  Zerg Melee Weapons Level 2  
  102  8:44  Zerg Flyer Weapons Level 2  
  102  8:47  Drone  
  103  8:58  Mutalisk x2  
  103  8:59  Mutalisk x2  
  103  9:02  Queen  
  113  9:04  Overlord  
  113  9:12  Zergling x2  
  113  9:13  Zergling x6  
  117  9:33  Mutalisk x5  
  128  9:52  Zergling x2  
  128  9:53  Zergling x2  
  128  9:54  Overlord x2  
  128  9:55  Overlord x5  
  129  10:12  Mutalisk x3  
  129  10:13  Mutalisk x2  
  139  10:21  Mutalisk x3  
  145  10:32  Mutalisk  
  145  10:33  Mutalisk  
  149  10:41  Burrow  
  149  10:59  Mutalisk x3  
  149  11:02  Hatchery  
  154  11:09  Mutalisk  
  154  11:11  Mutalisk  
  158  11:18  Mutalisk  
  158  11:22  Overlord x2  
  158  11:23  Overlord  
  160  11:25  Drone  
  160  11:26  Drone x6  
  167  11:56  Extractor x2  
  165  12:12  Mutalisk x5  
  165  12:13  Mutalisk x3  
  165  12:14  Mutalisk  
  183  12:55  Mutalisk x6  
  183  12:58  Mutalisk  
  197  13:27  Mutalisk  
  199  15:07  Hatchery  
  199  15:11  Hatchery  
  199  15:12  Mutalisk  
  199  15:20  Hatchery  
  198  15:26  Hatchery, Mutalisk  
  198  15:27  Hatchery  
  198  15:36  Hatchery, Mutalisk  
  198  15:39  Hatchery  
  198  16:32  Overlord  
  198  16:33  Overlord x14  
  198  16:50  Hatchery  
  197  16:56  Hatchery  
Show
View Real Time Build Order
Export as new Build Order

LilDicky Terran 

Build Orders:  

Get SALT Encoding   

  12  0:02  SCV  
  13  0:15  SCV  
  14  0:21  Supply Depot  
  14  0:30  SCV  
  15  0:43  SCV  
  16  0:55  SCV  
  17  1:07  SCV  
  18  1:15  Command Center  
  18  1:19  SCV  
  19  1:31  SCV  
  20  1:47  Command Center  
  20  1:49  SCV  
  21  2:11  Command Center  
  20  2:39  Command Center  
  20  2:49  SCV  
  21  2:53  SCV  
  22  3:03  SCV  
  23  3:08  SCV  
  23  3:09  SCV  
  25  3:15  SCV  
  25  3:26  SCV x2  
  19  3:27  SCV  
  9  3:52  SCV  
  9  3:55  SCV  
  11  3:56  Command Center  
  11  4:06  SCV  
  11  4:08  SCV  
  13  4:14  SCV  
  14  4:25  SCV  
  14  4:26  SCV  
  14  4:29  SCV  
  17  4:33  SCV  
  18  4:39  SCV  
  18  4:41  SCV  
  18  4:45  SCV  
  21  4:48  SCV  
  22  5:06  SCV x2  
  26  5:08  SCV  
  26  5:14  SCV  
  26  5:20  SCV x3  
  26  5:28  SCV  
  26  5:32  SCV  
  27  5:44  Command Center  
  27  5:46  SCV  
  27  5:47  SCV x4  
  32  5:59  SCV x4  
  35  6:20  SCV  
  35  6:21  SCV x3  
  35  6:22  Command Center  
  39  6:45  SCV x3  
  39  6:46  SCV  
  43  6:57  SCV x2  
  43  6:58  Command Center, SCV  
  43  6:59  Command Center  
  46  7:04  SCV x3  
  49  7:09  SCV  
  49  7:12  SCV x2  
  49  7:14  Command Center  
  52  7:18  SCV x2  
  54  7:24  SCV  
  54  7:25  SCV  
  54  7:29  Command Center  
  56  7:31  SCV  
  56  7:32  SCV  
  56  7:33  SCV  
  59  7:37  SCV x2  
  51  7:55  Command Center  
  51  7:58  Command Center  
  39  8:36  Command Center  
  39  8:37  Command Center  
  39  8:38  Command Center x2  
  39  8:41  Command Center  
  34  9:15  Command Center  
  34  9:16  Command Center x3  
  34  9:20  Command Center  
  24  9:39  Command Center  
  14  10:19  Command Center  
  14  10:21  Command Center  
  11  11:20  Command Center  
Tags
 
Add a new tag
Caveats
  • Supply blocks, unpowered buildings, or Contaminate may cause inaccurate times.
  • Supply counts are checked every 10 seconds.